 Dungeon Crawl Stone Soup version 0.30-a0-141-g30f27751c5 (webtiles) character file.

Game seed: 15919308551655215054

101 qw the Chopper (level 4, -6/28 HPs)
             Began as a Gargoyle Fighter on Sept 25, 2022.
             Mangled by a killer bee (8 damage)
             ... on level 3 of the Dungeon.
             The game lasted 00:00:53 (2960 turns).

qw the Chopper (Gargoyle Fighter)                   Turns: 2960, Time: 00:00:53

Health: -6/28      AC: 11    Str: 22    XL:     4   Next: 75%
Magic:  4/4        EV:  9    Int:  8    God:
Gold:   124        SH:  4    Dex:  9    Spells: 3/3 levels left

rFire   . . .      SeeInvis .    Y - +0 war axe
rCold   . . .      Faith    .    c - +0 buckler
rNeg    + . .      Spirit   .    b - +0 scale mail
rPois   inf        Reflect  .    l - +0 helmet
rElec   +          Harm     .    (no cloak)
rCorr   .          Rampage  .    (no gloves)
Will    .....                    (no boots)
Stlth   ..........               p - amulet of the acrobat
HPRegen 0.09/turn                (no ring)
MPRegen 0.09/turn                (no ring)

@: no status effects
A: sickness immunity, AC +3, negative energy resistance 1, electricity
resistance, torment resistance 1, petrification resistance
a: no special abilities


You were on level 3 of the Dungeon.
You visited 1 branch of the dungeon, and saw 4 of its levels.

You collected 124 gold pieces.


Innate Abilities, Weirdness & Mutations

You are immune to sickness and miasma.
Your stone body is resilient. (AC +3)
You are immune to poison.
You resist negative energy. (rN+)
You are resistant to electric shocks. (rElec)
You are resistant to unholy torment.
You are immune to petrification.


   Skills:
 - Level 3.2 Fighting
 + Level 4.3 Axes
 - Level 3.2 Armour
 - Level 3.2 Shields


You had 3 spell levels left.
You didn't know any spells.
Your spell library was empty.

Inventory:

Hand Weapons
 n - a +0 whip
 Y - a +0 war axe (weapon)
Missiles
 f - 18 boomerangs (quivered)
Armour
 b - a +0 scale mail (worn)
 c - a +0 buckler (worn)
 l - a +0 helmet (worn)
Jewellery
 p - an amulet of the acrobat (around neck)
Potions
 d - 2 potions of might
 e - a potion of cancellation
 i - a potion of lignification {unknown}
 j - a potion of haste {unknown}
 k - 3 potions of curing
 m - a potion of mutation {unknown}
 q - a potion of attraction {unknown}

Dungeon Overview and Level Annotations

Branches:
Dungeon (4/15)
 Temple: D:4-7

Altars:
Kikubaaqudgha

Annotations:
D:1 2 runed translucent doors


Message History

You throw a boomerang. The boomerang misses the killer bee.
The boomerang barely misses the killer bee.
The killer bee buzzes angrily.
An endoplasm comes into view.
The killer bee stings you but does no damage.
2949 ||| STAIRDANCE You block the killer bee's attack.
The killer bee misses you.
You climb upwards.
There is a stone staircase leading down here.
Enter note: You closely miss the killer bee.
The killer bee stings you but does no damage.
The killer bee closely misses you.
You miss the killer bee. The killer bee stings you.
The killer bee closely misses you. You block the killer bee's attack.
You barely miss the killer bee.
The killer bee stings you but does no damage.
The killer bee stings you. The killer bee stings you!
You miss the killer bee.
The killer bee stings you but does no damage.
The killer bee closely misses you. The killer bee stings you.
You closely miss the killer bee. You block the killer bee's attack.
The killer bee stings you but does no damage.
The killer bee stings you.
You closely miss the killer bee.
The killer bee stings you but does no damage. x2
You closely miss the killer bee.
The killer bee stings you but does no damage.
The killer bee stings you. The killer bee closely misses you.
You barely miss the killer bee.
The killer bee stings you but does no damage.
You block the killer bee's attack.
The killer bee stings you but does no damage.
You barely miss the killer bee.
The killer bee stings you. x2; The killer bee barely misses you.
You completely miss the killer bee. The killer bee stings you!
You die...

#........#####.###..##.###
#............#............
#...................#####.
#.........>######.### #.
#..........##.....# #.
#..........##.##### #.
#..........##.# #.
#####.#....#..######### #.
##########.#..@y...........#
#.
#........#.#....###.##.....#
#.
##.#####.#....<.###.##.....#
#. #.# #.#.......##....#####
#. #.# #.#.......#.......# #.
#.# #.#..#....#.......## #.
#.# #.#..#....#........## #.
#.# #.#..#....#.........###.
#.#####.#..#....#.......#...#.


You could see a killer bee.

Vanquished Creatures
  Jessica (D:3)
  3 dart slugs
  An orc (D:3)
  7 ball pythons
  4 bats
  5 endoplasms
  3 giant cockroaches
  3 goblins
  8 hobgoblins
  7 jackals (D:1)
  2 quokkas
  3 frilled lizards
  4 kobolds
  10 rats
61 creatures vanquished.

Vanquished Creatures (others)
  3 fungi (D:2)
3 creatures vanquished.

Grand Total: 64 creatures vanquished

Notes
Turn   | Place    | Note
-------+----------+-------------------------------------------
     0 | D:1      | qw the Gargoyle Fighter began the quest for the Orb.
     0 | D:1      | Reached XP level 1. HP: 14/14 MP: 1/1
     0 | D:1      | 0 ||| qw: Version: 0.2-a-10-g399e6c4
     0 | D:1      | 0 ||| qw: Game counter: 164
     0 | D:1      | 0 ||| qw: Always use a shield: true
     0 | D:1      | 0 ||| qw: God list: Okawaru
     0 | D:1      | 0 ||| qw: Allow faded altars: false
     0 | D:1      | 0 ||| qw: Do Orc after D:15 true
     0 | D:1      | 0 ||| qw: Do second Lair branch before Depths: true
     0 | D:1      | 0 ||| qw: Lair rune preference: random
     0 | D:1      | 0 ||| qw: Plans: Normal, Zot:1-4, God:TSO, Crypt, Tomb,
                  | Pan, Slime:5, Hells, Abyss, Orb
     0 | D:1      | 0 ||| PLANNING D:1-11
    19 | D:1      | 19 ||| Stepping ~*~*~tactically~*~*~ (stealth).
    28 | D:1      | Reached skill level 2 in Axes
    29 | D:1      | 29 ||| Stepping ~*~*~tactically~*~*~ (stealth).
    32 | D:1      | 32 ||| Stepping ~*~*~tactically~*~*~ (stealth).
    39 | D:1      | Reached XP level 2. HP: 19/19 MP: 2/2
    71 | D:1      | 71 ||| Stepping ~*~*~tactically~*~*~ (stealth).
    89 | D:1      | 89 ||| Stepping ~*~*~tactically~*~*~ (stealth).
    91 | D:1      | 91 ||| Stepping ~*~*~tactically~*~*~ (stealth).
    91 | D:1      | Found a large runed translucent door.
    91 | D:1      | Found a large runed translucent door.
   245 | D:1      | 245 ||| Stepping ~*~*~tactically~*~*~ (stealth).
   265 | D:1      | Reached skill level 3 in Axes
   269 | D:1      | Reached XP level 3. HP: 19/23 MP: 3/3
   917 | D:1      | 917 ||| DROPPING ring of wizardry.
   918 | D:1      | 918 ||| READING scroll labelled QUZINATHYN.
   919 | D:1      | 919 ||| READING scroll labelled OPEIX UZAXKAF.
  1046 | D:2      | 1046 ||| Stepping ~*~*~tactically~*~*~ (hiding).
  1048 | D:2      | 1048 ||| Stepping ~*~*~tactically~*~*~ (hiding).
  1136 | D:2      | 1136 ||| Stepping ~*~*~tactically~*~*~ (stealth).
  1137 | D:2      | 1137 ||| Stepping ~*~*~tactically~*~*~ (stealth).
  1371 | D:2      | Reached XP level 4. HP: 26/28 MP: 4/4
  1521 | D:2      | Found a faded altar of an unknown god.
  1563 | D:2      | 1563 ||| Stepping ~*~*~tactically~*~*~ (hiding).
  1584 | D:2      | 1584 ||| Stepping ~*~*~tactically~*~*~ (stealth).
  1594 | D:2      | 1594 ||| DROPPING +0 club.
  2001 | D:2      | 2001 ||| UPGRADING to +0 helmet.
  2006 | D:2      | 2006 ||| READING scroll labelled OKEOPPIRESCH.
  2009 | D:2      | 2009 ||| READING scroll labelled QAH IMMUKIG.
  2010 | D:2      | 2010 ||| READING scroll labelled TOKOUC YBUI.
  2011 | D:2      | 2011 ||| DRINKING 3 emerald potions.
  2070 | D:3      | Noticed Jessica
  2073 | D:3      | 2073 ||| Stepping ~*~*~tactically~*~*~ (hiding).
  2088 | D:3      | Killed Jessica
  2089 | D:3      | Reached skill level 4 in Axes
  2195 | D:3      | Found an ancient bone altar of Kikubaaqudgha.
  2816 | D:3      | 2816 ||| UPGRADING to amulet of the acrobat.
  2821 | D:3      | 2821 ||| READING scroll labelled WEETACYL XORGH.
  2822 | D:3      | 2822 ||| READING scroll labelled UFOSO RYIFIR.
  2823 | D:3      | 2823 ||| READING scroll labelled SOABBA HI ITU.
  2824 | D:3      | 2824 ||| READING scroll labelled CIUGOTSIRY.
  2925 | D:3      | 2925 ||| DRINKING 2 puce potions.
  2949 | D:4      | 2949 ||| STAIRDANCE
  2959 | D:3      | HP: 4/28 [killer bee (5)]
  2960 | D:3      | Mangled by a killer bee

Levels and vault maps discovered:
D:1:      erik_arrival_cave_to_civilisation [erik_arrival_cave_to_temple],
          layout_basic, minmay_door_square
D:2:      layout_basic, dreamdust_ecumenical_altar_grove,
          hangedman_abyss_or_decor_lesser_grid, serial_bayou_crossing
D:3:      layout_basic, mainiacjoe_overflow_paths,
          chequers_serial_rivers_micro_c, uniq_jessica
D:4:      layout_loops_ring, grunt_decor_one_mirror, minmay_pentangle

Skill      XL: |  1  2  3  4 |
---------------+-------------+-----
Axes           | 2 3 4 |  4.3
Fighting       | |  3.2
Armour         | |  3.2
Shields        | |  3.2

Action                   |  1- 3 |  4- 6 || total
-------------------------+-------+-------++-------
Melee: War axe           |   109 |    43 ||   152
Throw: Boomerang         |    29 |    21 ||    50
  Use: Scroll            |     2 |     7 ||     9
       Potion            |       |     2 ||     2
Armor: Scale mail        |    57 |    22 ||    79
Dodge: Dodged            |    63 |    18 ||    81
Block: Buckler           |    20 |    10 ||    30

Table legend:
 A = Non-vault XP
 B = Vault XP
 C = Vault XP percentage of total XP
 D = Non-vault monster count
 E = Vault monster count
 F = Vault count percentage of total count
                 A         B        C        D         E       F
            +---------+---------+-------+---------+---------+-------
      Total |     105 |      40 |  27.6 |      58 |       3 |   4.9
            +---------+---------+-------+---------+---------+-------
        D:1 |      49 |       3 |   5.8 |      26 |       2 |   7.1
        D:2 |      45 |       0 |   0.0 |      26 |       0 |   0.0
        D:3 |      11 |      37 |  77.1 |       6 |       1 |  14.3
            +---------+---------+-------+---------+---------+-------
